 Dungeon Crawl Stone Soup version 0.31-a0-1237-gabc64e778c (webtiles) character file.

Game seed: 14267592252623671934

775 graki42 the Changeling (level 7, -4/53 HPs)
             Began as a Demonspawn Shapeshifter on Dec 15, 2023.
             Slain by an ogre
             ... wielding a +0 giant spiked club
              (25 damage)
             ... on level 5 of the Dungeon.
             The game lasted 00:07:57 (4075 turns).

graki42 the Changeling (Demonspawn Shapeshifter)    Turns: 4075, Time: 00:07:57

Health: -4/53      AC:  2    Str: 15    XL:     7   Next: 54%
Magic:  7/7        EV: 18    Int: 10    God:
Gold:   225        SH:  0    Dex: 14    Spells: 6/6 levels left

rFire   . .          .
                       - Unarmed
rCold   . . .        (no shield)
rNeg    . . .        a - +0 animal skin
rPois   .            (helmet currently unavailable)
rElec   .            (cloak currently unavailable)
rCorr   .            (gloves currently unavailable)
SInv    +            (boots currently unavailable)
Will    .....        (no amulet)
Stlth   +            k - ring of see invisible
HPRegen 0.28/turn    (no ring)
MPRegen 0.10/turn

%: no passive effects
@: agile, beast-form
A: beast (slay +2), powered by pain 1, demonic touch 1
a: Begin Untransformation


You were on level 5 of the Dungeon.
You were a hulking beast.
You visited 1 branch of the dungeon, and saw 5 of its levels.

You collected 225 gold pieces.

Inventory:

Armour
 a - a +0 animal skin (worn)
Jewellery
 k - a ring of see invisible (left hand)
Talismans
 c - a beast talisman (active)
 d - a flux talisman
Scrolls
 b - a scroll of vulnerability {unknown}
 e - a scroll of amnesia {unknown}
 f - 3 scrolls of teleportation {unknown}
 i - 7 scrolls of identify {unknown}
 n - a scroll of fog {unknown}
 p - a scroll of fear {unknown}
Potions
 g - a potion of berserk rage {unknown}
 h - 3 potions of heal wounds {unknown}
 j - 5 potions of haste {unknown}
 l - 3 potions of ambrosia {unknown}
 m - a potion of magic {unknown}
 o - a potion of curing {unknown}
 q - a potion of brilliance {unknown}
 r - a potion of degeneration {unknown}


   Skills:
 + Level 3.9 Fighting
 + Level 3.8 Dodging
 + Level 4.3 Unarmed Combat
 * Level 5.0 Shapeshifting


You had 6 spell levels left.
You didn't know any spells.
Your spell library contained the following spells:

 Spells                   Type           Power      Damage    Failure   Level
 Lesser Beckoning         Tloc           0%         N/A       50%         2
 Gell's Gravitas          Tloc           0%         N/A       75%         3
 Teleport Other           Tloc           0%         N/A       75%         3


Dungeon Overview and Level Annotations

Branches:
Dungeon (5/15)
 Temple: D:4-7

Altars:

Shops:
D:5 !

Annotations:
D:3 2 transporters, Maratek's ghost, amateur HuFi


Innate Abilities, Weirdness & Mutations

You are a hulking beast.
Your limbs bulge with bestial killing power. (Slay +2)
You sometimes gain a little power by taking damage.
Your touch may inflict minor irresistible damage on your foes.


Message History

The iguana barely misses you.
You hit the iguana.
You touch the iguana!
You kill the iguana!
Your Shapeshifting skill increases to level 5!
No target in view!
r - a cyan potion
Found a spear.
Found a stone staircase leading down.
An ogre, an iguana and an orc come into view.
An orc wizard and 2 orcs come into view.
An orc is wielding a +2 short sword of electrocution.
Found 16 gold pieces and a hand axe.
The orc shouts!
The ogre shouts!
The orc wizard shouts!
You hit the ogre.
The ogre is lightly wounded.
The orc closely misses you.
The ogre hits you with a +0 giant spiked club!!
Ouch! That really hurt!
You focus on the pain.
You feel agile all of a sudden.
An orc comes into view. It is wielding a +0 short sword.
The orc shouts!
You hit the orc.
You touch the orc.
You kill the orc!
The orc barely misses you. The ogre barely misses you.
The orc attacks as it pursues you! The orc barely misses you.
You closely miss the orc.
You touch the orc.
The orc is almost dead.
The orc misses you.
You barely miss the orc.
You touch the orc.
You kill the orc!
You barely miss the iguana. Your touch misses the iguana. The iguana bites you.
You hit the iguana.
The iguana is moderately wounded.
The iguana closely misses you.
You hit the iguana.
You touch the iguana.
You kill the iguana!
You hit the ogre.
You touch the ogre!
The ogre is heavily wounded.
The ogre hits you with a +0 giant spiked club!!
You die...

.......##########.#.#
#.............#
#.####........## #.#
#.##.......
#.####.####.#.#
#.##..........#
###.##.#.####.#.##
#...##.#.##.......
##.#+###h####...##.#∩....
..o.o.o#O## ###........##
#...o).o.##....#....#.#
$......#..##[........#.#
##.....#..##....##.....#
#.#####..##....##..##.# #
#..##....##.......
.)>##....###.####.
#..##....# #.# .


You could see an ogre and an orc wizard.

Vanquished Creatures
  Sigmund (D:4)
  An orc warrior (D:4)
  A scorpion (D:4)
  3 hounds (D:4)
  2 orc priests
  3 iguanas
  2 orc wizards
  9 adders
  2 worms (D:3)
  3 dart slugs
  17 orcs
  3 bats
  7 endoplasms
  2 giant cockroaches (D:3)
  5 goblins
  6 hobgoblins
  8 jackals (D:4)
  4 kobolds
  2 ball pythons
  5 frilled lizards
  4 rats
90 creatures vanquished.

Notes
Turn   | Place    | Note
-------+----------+-------------------------------------------
     0 | D:1      | graki42 the Demonspawn Shapeshifter began the quest for the
                  | Orb.
     0 | D:1      | Reached XP level 1. HP: 15/15 MP: 1/1
   254 | D:1      | Gained mutation: Your touch may inflict minor irresistible
                  | damage on your foes. [demonic ancestry]
   254 | D:1      | Reached XP level 2. HP: 19/21 MP: 2/2
   928 | D:2      | Found a faded altar of an unknown god.
  1141 | D:2      | Reached XP level 3. HP: 24/26 MP: 3/3
  1209 | D:2      | Reached skill level 3 in Shapeshifting
  1688 | D:3      | Found a transporter.
  1691 | D:3      | Noticed Maratek's ghost (amateur HuFi)
  1692 | D:3      | Noticed a necrophage
  1719 | D:3      | Gained mutation: You sometimes gain a little power by
                  | taking damage. [demonic ancestry]
  1719 | D:3      | Reached XP level 4. HP: 19/33 MP: 4/4
  2018 | D:3      | Reached XP level 5. HP: 20/39 MP: 5/5
  2294 | D:3      | Found a transporter.
  2658 | D:4      | Reached skill level 4 in Shapeshifting
  2658 | D:4      | Reached XP level 6. HP: 17/46 MP: 6/6
  2946 | D:4      | Noticed an orc warrior
  2983 | D:4      | Killed an orc warrior
  3387 | D:4      | Reached XP level 7. HP: 37/52 MP: 7/7
  3554 | D:4      | Noticed Sigmund
  3566 | D:4      | Killed Sigmund
  3793 | D:4      | Identified the +10 dagger "Sepnerewe" {drain, Str+2}
  4018 | D:5      | Entered Level 5 of the Dungeon
  4018 | D:5      | Found Hoixul's Distillery.
  4038 | D:5      | Reached skill level 5 in Shapeshifting
  4075 | D:5      | Slain by an ogre

Illustrated notes

Levels and vault maps discovered:
D:1:      mushboom_english_gardens, layout_basic
D:2:      minmay_spotlight, layout_loops_corners,
          shapermc_ecumenical_altar_starsandcircs, kennysheep_generic_room_6
D:3:      layout_loops_ring, gammafunk_ghost_mausoleum, serial_park_tiny_2
D:4:      layout_gridville, uniq_sigmund
D:5:      layout_basic, hellmonk_ghost_happy_afterlife, serial_shops, shop,
          feat_on_display

Skill      XL: |  1  2  3  4  5  6  7 |
---------------+----------------------+-----
Dodging        | 2 3 |  3.8
Unarmed Combat | 3 4 |  4.3
Shapeshifting  | 3 4 5 |  5.0
Fighting       | 2 3 |  3.9

Action                     |  1- 3 |  4- 6 |  7- 9 || total
---------------------------+-------+-------+-------++-------
  Melee: Unarmed           |    81 |   163 |    24 ||   268
         Touch             |    11 |    18 |     8 ||    37
         Punch             |     1 |     2 |       ||     3
    Use: Potion            |       |     2 |       ||     2
   Stab: Sleeping          |     1 |     2 |       ||     3
 Armour: Animal skin       |    37 |    61 |     9 ||   107
         Skin              |       |    26 |       ||    26
  Dodge: Dodged            |    47 |    67 |    11 ||   125
   Form: Beast             |     1 |       |       ||     1
         Flux              |     1 |       |       ||     1

Table legend: (Time is in decaauts)
 A = Elapsed time spent in this place.
 B = Non-inter-level travel time spent in this place.
 C = Inter-level travel time spent in this place.
 D = Time resting spent in this place.
 E = Time spent auto-exploring this place.
 F = Levels seen in this place.
 G = Mean time per level.
                   A        B        C        D        E       F      G
               +--------+--------+--------+--------+--------+-----+--------+
         Total |   4055 |   3932 |    123 |    277 |   3097 |   5 |  811.0 |
       Dungeon |   4055 |   3932 |    123 |    277 |   3097 |   5 |  811.0 |
               +--------+--------+--------+--------+--------+-----+--------+

Top non-repeatable levels by time:
     D:4: 1470 daAuts
     D:2: 907 daAuts
     D:3: 896 daAuts
     D:1: 725 daAuts
     D:5: 55 daAuts
